 Seeded DCSS version 0.29-a0-613-gf2c431b9b9 (webtiles) character file.

Game seed: 694206664214 (custom seed)

489 nrs142 the Skirmisher (level 6, -9/56 HPs)
             Began as a Minotaur Monk on June 16, 2022.
             Mangled by an iguana (11 damage)
             ... on level 5 of the Dungeon.
             The game lasted 00:13:36 (6920 turns).

nrs142 the Skirmisher (Minotaur Monk)               Turns: 6920, Time: 00:13:37

Health: -9/56      AC:  3    Str: 17    XL:     6   Next: 90%
Magic:  1/1        EV: 14    Int:  7    God:
Gold:   205        SH:  0    Dex: 13    Spells: 5/5 levels left

rFire   . . .      SeeInvis .   a - +8 Wrath of Trog {antimagic, *Rage Rampage}
rCold   . . .      Faith    .   (shield currently unavailable)
rNeg    . . .      Spirit   .   f - +0 robe
rPois   +          Reflect  .   (helmet restricted)
rElec   .          Harm     .   n - +0 cloak {rPois}
rCorr   .          Rampage  +   (no gloves)
Will    .....      Clarity  +   (no boots)
Stlth   ++........              (no amulet)
HPRegen 0.18/turn               (no ring)
MPRegen 0.07/turn               (no ring)

@: no status effects
A: horns 2, retaliatory headbutt, clarity, low MP 1, sense surroundings 1
a: no special abilities


You were on level 5 of the Dungeon.
You visited 2 branches of the dungeon, and saw 6 of its levels.

You collected 205 gold pieces.

Inventory:

Hand Weapons
 a - the +8 Wrath of Trog (weapon) {antimagic, *Rage Rampage}
   (You found it on level 2 of the Dungeon)

   It reduces the magical energy of the wielder, and disrupts the spells and
   magical abilities of those it strikes.
   Natural abilities and divine invocations are not affected.
   It causes slowness and exhaustion when equipped.
   It extends the wielder's berserk rage when killing foes.
   *Rage:     It berserks you when you make melee attacks (+50% chance).
   Rampage:   It bestows one free step when moving towards enemies.
 b - a +1 vorpal hand axe
Armour
 f - a +0 robe (worn)
 n - a +0 cloak of poison resistance (worn)
Wands
 h - a wand of flame (4)
 p - a wand of charming (3)
 s - a wand of mindburst (11)
Scrolls
 e - 4 scrolls of identify
 k - a scroll of poison
 q - a scroll of teleportation
Potions
 c - a potion of ambrosia
 g - a potion of haste
 r - a potion of flight


   Skills:
 + Level 5.6 Fighting
 + Level 5.6 Axes
 + Level 5.1 Dodging
 + Level 3.6 Stealth


You had 5 spell levels left.
You didn't know any spells.
Your spell library contained the following spells:

 Spells                   Type           Power      Damage    Failure   Level
 Apportation              Tloc           0%         N/A       43%         1
 Freeze                   Ice            0%         1d3       43%         1
 Necrotize                Necr           0%         1d4       43%         1
 Summon Small Mammal      Summ           0%         N/A       43%         1
 Frozen Ramparts          Ice            0%         1d2       80%         3
 Gell's Gravitas          Tloc           0%         N/A       80%         3
 Teleport Other           Tloc           0%         N/A       80%         3
 Hailstorm                Conj/Ice       0%         3d3       99%         4
 Dispersal                Tloc           0%         N/A       100%        6


Dungeon Overview and Level Annotations

Branches:
Dungeon (5/15)             Temple (1/1) D:4

Altars:
Cheibriados
Dithmenos
Elyvilon
Fedhas
Gozag
Hepliaklqana
Kikubaaqudgha
Makhleb
Okawaru
Qazlal
Ru
Sif Muna
Trog
Uskayaw
Vehumet
Wu Jian
Xom
Yredelemnul
Zin
The Shining One

Shops:
D:2 [


Innate Abilities, Weirdness & Mutations

You have a pair of horns on your head.
You reflexively headbutt those who attack you in melee.
You possess an exceptional clarity of mind.
Your magical capacity is low. (-10% MP)
You passively map a small area around you.


Message History

You headbutt the iguana, but do no damage.
The iguana is lightly wounded.
You slash the adder! You hit the gnoll. The gnoll hits you but does no damage.
The adder bites you but does no damage. The gnoll barely misses you.
The iguana closely misses you. The gnoll closely misses you.
The gnoll hits you from afar with a +0 spear.
The adder bites you.
You slash the adder!
You kill the adder!
You hit the iguana. You slash the gnoll! The gnoll misses you.
The gnoll barely misses you. The iguana bites you. The gnoll misses you.
The gnoll hits you from afar with a +0 spear!
The gnoll barely misses you. The gnoll completely misses you.
The iguana bites you!
You slash the gnoll!
You kill the gnoll!
You slash the iguana! The gnoll misses you. x2
The gnoll hits you from afar with a +0 halberd.
The iguana completely misses you.
You are too injured to fight recklessly!
You are too injured to fight recklessly!
Unknown command.
You are too injured to fight recklessly!
You are too injured to fight recklessly!
You are too injured to fight recklessly!
You are too injured to fight recklessly!
You closely miss the iguana.
The iguana is severely wounded.
The gnoll barely misses you.
The gnoll hits you from afar with a +0 halberd!
* * * LOW HITPOINT WARNING * * *
The iguana bites you!
* * * LOW HITPOINT WARNING * * *
The gnoll hits you from afar with a +0 spear.
* * * LOW HITPOINT WARNING * * *
Okay, then.
The gnoll misses you. The gnoll barely misses you.
Unknown command.
The iguana bites you!
You die...

*,,,,,,,*######**......,,**,,,,
*,,,,,,,,,.....#*...:..,,**,,,,
*,,,,,,,,,,....##......,,**,,,,
***,,,,,,,,,,............,,**,,,,
,,,,,,,,,,,,,............,,+,,,,,
********,,,,*#.#.........,,**,###
*,,,,*#.#..g......,,**,#..
*,,,,*#.#)lg......,,**,#..
******#.#@........,,**,#..
#...#####'##*,**,#..
######.#.####,,***,**,#..
#........≈≈≈≈≈≈≈≈,,,*,#..
#.#######.....,,≈,*,*,#..
#.#......#####*,≈**,,,#..
#.#.≈≈≈≈≈.....#,≈***,,#..
#.#.≈....≈≈≈≈.#,≈,,,,,#..
#.#.≈.###...≈.#,≈,,,,,*,,


You could see an iguana and 2 gnolls.

Vanquished Creatures
  A water moccasin (D:5)
  A scorpion (D:4)
  A hound (D:4)
  A jelly (D:4)
  Crazy Yiuf (D:3)
  An orc wizard (D:3)
  Robin (D:3)
  4 adders
  2 gnolls (D:5)
  A shadow imp (D:4)
  A white imp (D:5)
  4 worms
  A dart slug (D:1)
  3 orcs (D:3)
  6 ball pythons
  8 endoplasms
  4 giant cockroaches
  11 hobgoblins
  8 jackals
  3 kobolds
  7 quokkas
  5 bats
  8 frilled lizards
  21 goblins
  4 rats
108 creatures vanquished.

Vanquished Creatures (others)
  A plant (D:4)
1 creature vanquished.

Grand Total: 109 creatures vanquished

Notes
Turn   | Place    | Note
-------+----------+-------------------------------------------
     0 | D:1      | nrs142 the Minotaur Monk began the quest for the Orb.
     0 | D:1      | Reached XP level 1. HP: 19/19 MP: 0/0
    56 | D:1      | Reached XP level 2. HP: 26/27 MP: 1/1
   359 | D:1      | Reached XP level 3. HP: 10/33 MP: 2/2
  1185 | D:2      | Found the +8 Wrath of Trog {antimagic, *Rage Rampage}
  1187 | D:2      | Found Nualeh's Antique Armour Emporium.
  1727 | D:2      | Reached XP level 4. HP: 41/41 MP: 1/3
  2271 | D:3      | Noticed Robin
  2283 | D:3      | Gained mutation: You are agile. (Dex +4, Int/Str-1) [potion
                  | of mutation]
  2283 | D:3      | Gained mutation: You are strong-willed. (Will+) [potion of
                  | mutation]
  2645 | D:3      | Found a snail-covered altar of Cheibriados.
  2661 | D:3      | Killed Robin
  2667 | D:3      | Reached XP level 5. HP: 11/47 MP: 1/4
  3716 | D:3      | Found a runed translucent door.
  3717 | D:3      | Noticed Crazy Yiuf
  4062 | D:3      | Killed Crazy Yiuf
  4761 | D:4      | Lost mutation: You are strong-willed. (Will+) [potion of
                  | mutation]
  4761 | D:4      | Lost mutation: You are agile. (Dex +4, Int/Str-1) [potion
                  | of mutation]
  4761 | D:4      | Gained mutation: You passively map a small area around you.
                  | [potion of mutation]
  4761 | D:4      | Gained mutation: You possess an exceptional clarity of
                  | mind. [potion of mutation]
  4761 | D:4      | Gained mutation: Your magical capacity is low. (-10% MP)
                  | [potion of mutation]
  4766 | D:4      | Found a staircase to the Ecumenical Temple.
  4772 | D:4      | Reached skill level 5 in Fighting
  4823 | D:4      | Reached skill level 5 in Axes
  4844 | Temple   | Entered the Ecumenical Temple
  5145 | D:4      | Reached XP level 6. HP: 56/56 MP: 1/4
  5693 | D:4      | Found a hide-covered altar of Uskayaw.
  5694 | D:4      | Found an ornate altar of the Wu Jian Council.
  5739 | D:5      | Entered Level 5 of the Dungeon
  6278 | D:5      | Noticed a water moccasin
  6715 | D:5      | Killed a water moccasin
  6716 | D:5      | Reached skill level 5 in Dodging
  6781 | D:5      | Found a large runed translucent door.
  6785 | D:5      | Found a large runed translucent door.
  6796 | D:5      | Found a shadowy altar of Dithmenos.
  6808 | D:5      | Found a sacrificial altar of Ru.
  6884 | D:5      | Found a white marble altar of Elyvilon.
  6887 | D:5      | Found a radiant altar of Vehumet.
  6918 | D:5      | HP: 2/56 [gnoll/+0 spear (3)]
  6920 | D:5      | Mangled by an iguana

Illustrated notes

Levels and vault maps discovered:
D:1:      dpeg_arrival_radiant, layout_rooms, minmay_cut_off
D:2:      layout_basic, serial_shops, shop
D:3:      layout_basic, old_standard_altar, uniq_crazy_yiuf_cottage, uniq_robin
D:4:      layout_gridville, gammafunk_temple_overflow_statue,
          minmay_temple_entry_sparse_star, minmay_misc_feat_five,
          saegor_snake_ambush
D:5:      layout_basic, jmf_multi_god_temple2, nicolae_overflow_squiral
Temple:   dshaligram_water_room_temple

Skill      XL: |  1  2  3  4  5  6 |
---------------+-------------------+-----
Stealth        | 2 3 |  3.6
Fighting       | 4 5 |  5.6
Axes           | 4 5 |  5.6
Dodging        | 4 5 |  5.1

Action                   |  1- 3 |  4- 6 || total
-------------------------+-------+-------++-------
Melee: Hand axe          |    66 |    35 ||   101
       Headbutt          |     8 |    13 ||    21
       Battleaxe         |     8 |    60 ||    68
       Punch             |       |     2 ||     2
Evoke: Wand              |       |     2 ||     2
  Use: Potion            |     2 |     8 ||    10
       Scroll            |       |     9 ||     9
 Stab: Sleeping          |     4 |     8 ||    12
Armor: Robe              |    13 |    13 ||    26
Dodge: Dodged            |    40 |    94 ||   134

Table legend: (Time is in decaauts)
 A = Elapsed time spent in this place.
 B = Non-inter-level travel time spent in this place.
 C = Inter-level travel time spent in this place.
 D = Time resting spent in this place.
 E = Time spent auto-exploring this place.
 F = Levels seen in this place.
 G = Mean time per level.
                   A        B        C        D        E       F      G
               +--------+--------+--------+--------+--------+-----+--------+
         Total |   7087 |   6745 |    342 |   2691 |   3225 |   6 | 1181.2 |
       Dungeon |   6952 |   6631 |    321 |   2691 |   3125 |   5 | 1390.4 |
        Temple |    134 |    113 |     21 |      0 |    100 |   1 |  134.0 |
               +--------+--------+--------+--------+--------+-----+--------+

Top non-repeatable levels by time:
     D:3: 2378 daAuts
     D:4: 1553 daAuts
     D:2: 1182 daAuts
     D:1: 1105 daAuts
     D:5: 733 daAuts
  Temple: 134 daAuts
